 Dungeon Crawl Stone Soup version 0.31-a0-984-gbfb7dba898 (webtiles) character file.

Game seed: 12711883354771767025

6656 BinkBink the Fighter (level 10, -5/96 HPs)
             Began as a Minotaur Fighter on Nov 3, 2023.
             Was a Priest of Qazlal.
             Slain by a two-headed ogre
             ... wielding a +0 giant club
              (23 damage)
             ... on level 9 of the Dungeon.
             The game lasted 00:11:38 (8069 turns).

BinkBink the Fighter (Minotaur Fighter)             Turns: 8069, Time: 00:11:40

Health: -5/96      AC:  4    Str: 25    XL:     10   Next: 73%
Magic:  9/9        EV: 13    Int:  5    God:    Qazlal [***...]
Gold:   559        SH:  4    Dex: 10    Spells: 9/9 levels left

rFire   . . .        F - +4 battleaxe
rCold   . . .        (shield currently unavailable)
rNeg    . . .        b - +0 scale mail
rPois   .            v - +2 hat
rElec   .            (no cloak)
rCorr   .            (no gloves)
SInv    +            (no boots)
Will    .....        r - amulet of regeneration Stlth
                     k - ring of see invisible
HPRegen 1.16/turn    (no ring)
MPRegen 0.11/turn

%: no passive effects
@: lethally poisoned (-5 -> -5), about to teleport, corroded, slowed, very slow
A: horns 2, retaliatory headbutt
a: Renounce Religion, Upheaval, Elemental Force


You were on level 9 of the Dungeon.
You worshipped Qazlal.
Qazlal was most pleased with you.
You visited 2 branches of the dungeon, and saw 10 of its levels.
You also visited: Sewer.

You collected 559 gold pieces.

Inventory:

Hand Weapons
 d - a +5 hand axe
 y - a +2 hand axe of flaming
 F - a +4 battleaxe (weapon)
Armour
 b - a +0 scale mail (worn)
 c - a +0 buckler
 v - a +2 hat (worn)
Jewellery
 i - an amulet of guardian spirit
 k - a ring of see invisible (left hand)
 r - an amulet of regeneration (around neck)
 x - a ring of fire
Wands
 a - a wand of charming (3)
 f - a wand of flame (21)
 o - a wand of roots (17)
 G - a wand of polymorph (15)
Scrolls
 g - 2 scrolls of fear
 h - 4 scrolls of teleportation
 m - 2 scrolls of amnesia
 p - 7 scrolls of noise
 q - a scroll of poison {unknown}
 u - a scroll of silence
 B - a scroll of acquirement
 E - a scroll of revelation
Potions
 e - 2 potions of cancellation
 j - 3 potions of heal wounds
 l - a potion of berserk rage {unknown}
 n - 5 potions of curing {unknown}
 s - 2 potions of lignification {unknown}
 t - a potion of ambrosia {unknown}
 w - 3 potions of degeneration {unknown}
 z - a potion of magic {unknown}
 A - a potion of haste {unknown}
 C - a potion of brilliance {unknown}


   Skills:
 + Level 11.3 Fighting
 + Level 10.9 Axes
 - Level 3.6 Armour
 + Level 9.6 Dodging
 - Level 8.0 Shields


You had 9 spell levels left.
You didn't know any spells.
Your spell library contained the following spells:

 Spells                   Type           Power      Damage    Failure   Level
 Freeze                   Ice            0%         1d3       77%         1
 Cigotuvi's Dreadful Rot  Necr/Pois/Air  0%         N/A       88%         2
 Frozen Ramparts          Ice            0%         1d1       98%         3
 Hailstorm                Conj/Ice       0%         3d3       98%         3
 Ignite Poison            Fire/Tmut/Pois 0%         N/A       98%         3
 Ozocubu's Armour         Ice            0%         N/A       98%         3
 Dispel Undead            Necr           0%         3d6       100%        4
 Sticky Flame             Conj/Fire      0%         2d3       100%        4
 Metabolic Englaciation   Hex/Ice        0%         N/A       100%        5
 Simulacrum               Ice/Necr       0%         N/A       100%        6
 Malign Gateway           Summ/Tloc      0%         N/A       100%        7
 Ignition                 Fire           0%         3d3       100%        8
 Infestation              Necr           0%         N/A       100%        8
 Summon Horrible Things   Summ           0%         N/A       100%        8


Dungeon Overview and Level Annotations

Branches:
Dungeon (9/15)             Temple (1/1) D:5           Sewer (visited)
   Lair: D:8-11         Orc: D:9-12

Altars:
Ashenzari
Cheibriados
Dithmenos
Elyvilon
Fedhas
Gozag
Hepliaklqana
Kikubaaqudgha
Makhleb
Nemelex Xobeh
Okawaru
Qazlal
Ru
Sif Muna
Trog
Uskayaw
Vehumet
Yredelemnul
Zin
The Shining One

Shops:
D:2 (

Annotations:
D:3 3 runed translucent doors, Revguard's ghost, amateur VSBe
D:6 1 runed translucent door, scarywalker64's ghost, novice DgCj


Innate Abilities, Weirdness & Mutations

You have a pair of horns on your head.
You reflexively headbutt those who attack you in melee.


Message History

Unknown command.
You completely miss the acid dragon.
The acid dragon is heavily wounded.
The acid dragon misses you. You furiously retaliate!
You headbutt the acid dragon!
The acid dragon claws you but does no damage.
You slice the acid dragon!!
You kill the acid dragon!
Qazlal accepts your kill.
The kobold brigand throws a curare-tipped dart.
The curare-tipped dart hits you.
You are poisoned.
You have difficulty breathing.
You feel yourself slow down.
You slash the two-headed ogre!
Your headbutt misses the two-headed ogre.
The two-headed ogre is lightly wounded.
You feel very sick. The two-headed ogre barely misses you.
The two-headed ogre hits you with a +0 dire flail!
You slash the two-headed ogre!
The two-headed ogre is moderately wounded.
You feel very sick.
The two-headed ogre hits you with a +0 giant club!
The two-headed ogre hits you but does no damage.
The yak snorts and paws the ground.
The two-headed ogre completely misses you.
You furiously retaliate!
You headbutt the two-headed ogre.
The two-headed ogre hits you with a +0 dire flail!!
As you read the scroll of fear, it crumbles to dust.
You assume a fearsome visage.
The yak looks frightened!
The two-headed ogre easily resists.
You feel sick. The two-headed ogre barely misses you.
The two-headed ogre misses you.
As you read the scroll of teleportation, it crumbles to dust.
You feel strangely unstable.
You feel sick.
A wight comes into view. It is wielding a +1 heavy falchion.
An orc wizard comes into view. It is wielding a +0 dagger.
The two-headed ogre hits you with a +0 giant club!
* * * LOW HITPOINT WARNING * * *
The two-headed ogre hits you with a +0 dire flail!!
You die...

##.......####
#..#
#......###
#..#..#
#.....##
#..#..#
#.....#
#..#..#
.....##
#..#..#
.....#
#..#..#
.....# #
#..#..#
....## ####.
#☼†#..# ....
......#@....#
..YozKO.....#
#############


You could see a two-headed ogre, a yak (fleeing), a kobold brigand, a wight and
an orc wizard.

Vanquished Creatures
  A two-headed ogre (D:9)
  Pikel (D:7)
  Joseph (D:7)
  A kobold demonologist (D:9)
  A hornet (D:7)
  Grinder (D:3)
  Sigmund (D:3)
  A wraith (D:9)
  2 yaks (D:9)
  Menkaure (D:6)
  2 acid dragons
  Duvessa (D:5)
  An orc warrior (D:9)
  2 sky beasts (D:7)
  Pargi (Sewer)
  2 black bears
  An ice beast (D:7)
  4 centaurs
  2 kobold brigands
  5 bullfrogs
  2 gnoll sergeants
  A scorpion (D:5)
  14 wights
  Dowan (D:5)
  7 killer bees
  6 howler monkeys
  A hound (D:4)
  4 jellies
  2 gnoll boudas
  Jessica (D:2)
  3 iguanas
  Terence (D:3)
  7 orc wizards
  8 gnolls (D:8)
  An adder (D:4)
  4 shadow imps (D:8)
  3 white imps (D:8)
  2 worms
  2 dart slugs
  19 orcs
  9 ball pythons
  6 bats
  5 endoplasms
  6 giant cockroaches
  8 goblins
  9 hobgoblins
  8 quokkas
  14 frilled lizards
  13 kobolds
  2 rats (D:3)
201 creatures vanquished.

Notes
Turn   | Place    | Note
-------+----------+-------------------------------------------
     0 | D:1      | BinkBink the Minotaur Fighter began the quest for the Orb.
     0 | D:1      | Reached XP level 1. HP: 19/19 MP: 0/0
   212 | D:1      | Reached XP level 2. HP: 27/27 MP: 1/1
   522 | D:1      | Reached skill level 1 in Dodging
   626 | D:2      | Reached skill level 4 in Fighting
   629 | D:2      | Found Fataujur's Antique Weapon Shop.
   683 | D:2      | Reached XP level 3. HP: 33/33 MP: 2/2
   730 | D:2      | Noticed Jessica
   738 | D:2      | HP: 1/33 [Jessica/+0 club (4)]
   744 | D:2      | HP: 1/33 [Jessica/+0 club (1)]
   745 | D:2      | Killed Jessica
  1331 | D:2      | Reached XP level 4. HP: 40/40 MP: 3/3
  1525 | D:3      | Found a runed translucent gate.
  1525 | D:3      | Found a runed translucent gate.
  1525 | D:3      | Noticed Revguard's ghost (amateur VSBe)
  1526 | D:3      | Identified the +8 whip of Defence {freeze, Str+2 Int+2
                  | Dex-3}
  1526 | D:3      | Identified the +1 scale mail "Ballot" {Contam rCorr Str+2}
  1527 | D:3      | Found a runed translucent gate.
  1626 | D:3      | Identified the +9 rapier of Ipo Veq {venom, Will++ Dex+4}
  2119 | D:3      | Noticed Terence
  2124 | D:3      | Killed Terence
  2125 | D:3      | Reached XP level 5. HP: 46/47 MP: 4/4
  2363 | D:3      | Noticed Grinder
  2363 | D:3      | Noticed Sigmund
  2369 | D:3      | Killed Sigmund
  2370 | D:3      | Reached skill level 5 in Fighting
  2370 | D:3      | Reached skill level 5 in Shields
  2370 | D:3      | Reached XP level 6. HP: 42/56 MP: 3/5
  2384 | D:3      | Killed Grinder
  2385 | D:3      | Reached skill level 5 in Axes
  2532 | D:4      | Identified the of Lelaz
  2608 | D:4      | Reached XP level 7. HP: 61/62 MP: 6/6
  3414 | D:5      | Entered Level 5 of the Dungeon
  3535 | D:5      | Reached skill level 6 in Fighting
  3635 | D:5      | Noticed Dowan
  3638 | D:5      | Noticed Duvessa
  3641 | D:5      | Killed Duvessa
  3650 | D:5      | Killed Dowan
  3680 | D:5      | Found a staircase to the Ecumenical Temple.
  3701 | Temple   | Entered the Ecumenical Temple
  3706 | Temple   | Became a worshipper of Qazlal Stormbringer
  4086 | D:6      | Found a glowing drain.
  4110 | Sewer    | Entered a sewer
  4146 | Sewer    | Noticed Pargi
  4151 | Sewer    | Killed Pargi
  4152 | Sewer    | Reached XP level 8. HP: 71/71 MP: 7/7
  4306 | D:6      | Noticed Menkaure
  4310 | D:6      | Killed Menkaure
  4311 | D:6      | Reached skill level 5 in Dodging
  4468 | D:6      | Found a runed translucent door.
  4476 | D:6      | Noticed scarywalker64's ghost (novice DgCj)
  4757 | D:6      | Reached skill level 7 in Fighting
  5164 | D:6      | Found the +9 sword of Power {lifebolt}
  6054 | D:7      | Reached * piety under Qazlal
  6063 | D:7      | Reached XP level 9. HP: 54/79 MP: 8/8
  6110 | D:7      | Reached skill level 8 in Fighting
  6115 | D:7      | Identified a scroll of acquirement
  6284 | D:7      | Noticed Joseph
  6294 | D:7      | Killed Joseph
  6429 | D:7      | Noticed Pikel
  6441 | D:7      | Killed Pikel
  6442 | D:7      | Reached skill level 9 in Fighting
  6869 | D:8      | Reached ** piety under Qazlal
  7125 | D:8      | Reached XP level 10. HP: 83/93 MP: 9/9
  7233 | D:8      | Reached skill level 10 in Fighting
  7242 | D:8      | HP: 2/93 [acid dragon/splash of acid (18)]
  7794 | D:9      | Reached skill level 10 in Axes
  7814 | D:9      | Noticed a two-headed ogre
  7820 | D:9      | Killed a two-headed ogre
  7917 | D:9      | Reached *** piety under Qazlal
  7980 | D:9      | Noticed a rust devil
  7981 | D:9      | Reached skill level 11 in Fighting
  8059 | D:9      | Noticed a two-headed ogre
  8061 | D:9      | Noticed a purple ugly thing
  8069 | D:9      | Slain by a two-headed ogre

Illustrated notes

Levels and vault maps discovered:
D:1:      wander_arrival_fairy_ring, layout_loops_ring, minmay_misc_feat_rows,
          st_stairs_4, grunt_decor_one_mirror, minmay_misc_feat_more_columns,
          minmay_lizard_pond
D:2:      layout_loops_ring, serial_shops, shop, uniq_jessica
D:3:      layout_basic, biasface_ghost_orc_armoury, uniq_grinder, uniq_sigmund,
          uniq_terence
D:4:      layout_basic
D:5:      layout_loops_ring, minmay_temple_entry_gardened_gates, uniq_duvessa
D:6:      nicolae_whirlpool, layout_gridville, portal_sewer_entry_f,
          ebering_ghost_sewer_d, uniq_menkaure
D:7:      layout_loops_corners, nicolae_figureground_pulse, uniq_joseph,
          uniq_pikel
D:8:      layout_loops_ring, serial_demonic, serial_demonic_a, serial_demonic_c,
          serial_demonic_c, serial_demonic_g, serial_demonic_e, serial_demonic_g
D:9:      minmay_quarter_circles, layout_irregular_city, kennysheep_little_box,
          st_stairs_1, uniq_prince_ribbit1
Temple:   nicolae_temple_bog_church

Skill      XL: |  1  2  3  4  5  6  7  8  9 10 |
---------------+-------------------------------+-----
Dodging        | 1 2 3 4 6 8 9 |  9.6
Fighting       | 4 5 6 7 9 11 | 11.3
Shields        | 4 5 6 7 8 |  8.0
Axes           | 3 4 5 6 7 9 10 | 10.9
Armour         | |  3.6

Action                     |  1- 3 |  4- 6 |  7- 9 | 10-12 || total
---------------------------+-------+-------+-------+-------++-------
  Melee: War axe           |    67 |    11 |       |       ||    78
         Headbutt          |     9 |     5 |    43 |    14 ||    71
         Rapier            |       |    31 |   154 |       ||   185
         Battleaxe         |       |       |    97 |    98 ||   195
    Use: Potion            |     1 |       |       |     2 ||     3
         Scroll            |       |       |    10 |     2 ||    12
 Armour: Scale mail        |    50 |    23 |   187 |    89 ||   349
  Dodge: Dodged            |    39 |    17 |   144 |    89 ||   289
  Block: Buckler           |    11 |    10 |    56 |       ||    77
         Other             |       |       |     9 |    13 ||    22

Table legend: (Time is in decaauts)
 A = Elapsed time spent in this place.
 B = Non-inter-level travel time spent in this place.
 C = Inter-level travel time spent in this place.
 D = Time resting spent in this place.
 E = Time spent auto-exploring this place.
 F = Levels seen in this place.
 G = Mean time per level.
                   A        B        C        D        E       F      G
               +--------+--------+--------+--------+--------+-----+--------+
         Total |   8236 |   7858 |    378 |    953 |   5531 |  11 |  748.7 |
       Dungeon |   7972 |   7638 |    334 |    953 |   5402 |   9 |  885.8 |
        Temple |     46 |      2 |     44 |      0 |      0 |   1 |   46.0 |
         Sewer |    218 |    218 |      0 |      0 |    128 |   1 |  218.0 |
               +--------+--------+--------+--------+--------+-----+--------+

Top non-repeatable levels by time:
     D:6: 1647 daAuts
     D:3: 1105 daAuts
     D:7: 980 daAuts
     D:4: 888 daAuts
     D:2: 829 daAuts
     D:8: 766 daAuts
     D:1: 630 daAuts
     D:5: 619 daAuts
     D:9: 504 daAuts
   Sewer: 218 daAuts
  Temple: 46 daAuts
